[Event "Titled Tuesday Blitz October 11 Late 2022"]
[White "Domingo Nunez, Ruben"]
[Black "Pasti, Aron"]
[WhiteFideId "22245570"]
[BlackFideId "785857"]
[WhiteElo "2635"]
[BlackElo "2498"]
[Result "1-0"]
[Round "08"]
[TimeControl "180+1"]
[Date "2022.10.12"]
[WhiteClock "0:00:02"]
[BlackClock "0:00:19"]

1. b3 b6 2. Bb2 Bb7 3. c4 Nf6 4. Nf3 e6 5. e3 Be7 6. Be2 O-O 7. O-O c5 8. Nc3 d5 9. cxd5 Nxd5 10. Rc1 Nc6 11. Qc2 Bf6 12. Rfd1 Nc7 13. d4 cxd4 14. Ne4 Nd5 15. Nxf6+ Qxf6 16. Nxd4 Nxd4 17. Bxd4 Qg5 18. Bf3 Nb4 19. Qe2 Bxf3 20. Qxf3 Nxa2 21. Rc7 Nb4 22. e4 Qg6 23. h4 Rfc8 24. h5 Rxc7 25. hxg6 hxg6 26. Be5 Rc6 27. Bc3 Na6 28. Rd7 Rf8 29. b4 Nc7 30. Qd3 Re8 31. g3 a6 32. Kg2 Nb5 33. Be5 Kh7 34. Qd1 Rf8 35. Qf3 Kg8 36. Qd3 f6 37. Bb2 Kh7 38. Qf3 e5 39. Qg4 Rg8 40. Qh3# 1-0


[Site "https://www.chess.com"]

[Event "Titled Tuesday Blitz October 11 Late 2022"]
[White "Dubov, Daniil"]
[Black "Bernadskiy, Vitaliy"]
[WhiteFideId "24126055"]
[BlackFideId "14100371"]
[WhiteElo "2791"]
[BlackElo "2473"]
[Result "1-0"]
[Round "08"]
[TimeControl "180+1"]
[Date "2022.10.11"]
[WhiteClock "0:02:20"]
[BlackClock "0:00:09"]

1. e4 e5 2. Nf3 Nc6 3. Bc4 Bc5 4. c3 Nf6 5. d3 O-O 6. O-O d5 7. exd5 Nxd5 8. a4 a6 9. Nbd2 Bg4 10. h3 Bh5 11. Ne4 Ba7 12. Ng3 Bg6 13. a5 Kh8 14. Qb3 Nf4 15. d4 Qf6 16. Bxf4 exf4 17. Ne2 Rfe8 18. Qxb7 Be4 19. Qxc7 Bxf3 20. gxf3 Qg6+ 21. Kh2 Rac8 22. Qd7 Bb8 23. Bxf7 1-0


[Site "https://www.chess.com"]

[Event "Titled Tuesday Blitz October 11 Late 2022"]
[White "Duda, Jan-Krzysztof"]
[Black "Vazquez, Guillermo"]
[WhiteFideId "1170546"]
[BlackFideId "3702308"]
[WhiteElo "2779"]
[BlackElo "2543"]
[Result "1-0"]
[Round "08"]
[TimeControl "180+1"]
[Date "2022.10.11"]
[WhiteClock "0:01:14"]
[BlackClock "0:00:15"]

1. d4 d5 2. c4 e6 3. Nf3 a6 4. cxd5 exd5 5. Nc3 h6 6. Bf4 Nf6 7. e3 Bd6 8. Bd3 Bxf4 9. exf4 Bg4 10. h3 Bxf3 11. Qxf3 Nc6 12. O-O-O O-O 13. Bb1 Re8 14. g4 Ne4 15. Bxe4 dxe4 16. Qe3 Nb4 17. d5 c6 18. dxc6 Qc7 19. Rd4 a5 20. a3 Qxc6 21. Kb1 Nd3 22. Rd1 Qc7 23. f5 Qf4 24. R1xd3 1-0


[Site "https://www.chess.com"]

[Event "Titled Tuesday Blitz October 11 Late 2022"]
[White "Dzierzak, Radoslaw"]
[Black "Shandrygin, Nikita"]
[WhiteFideId "1161407"]
[BlackFideId "24198668"]
[WhiteElo "2111"]
[BlackElo "2323"]
[Result "0-1"]
[Round "08"]
[TimeControl "180+1"]
[Date "2022.10.12"]
[WhiteClock "0:00:06"]
[BlackClock "0:00:05"]

1. e4 c5 2. Nf3 e6 3. d4 cxd4 4. Nxd4 Nf6 5. Nc3 Nc6 6. g3 Qc7 7. Bg2 a6 8. O-O h6 9. Re1 Nxd4 10. Qxd4 Bc5 11. Bf4 d6 12. Qd3 e5 13. Be3 Be6 14. Bxc5 Qxc5 15. Nd5 Bxd5 16. exd5 O-O 17. c3 b5 18. Qe3 Rac8 19. Qxc5 Rxc5 20. Rad1 a5 21. f4 exf4 22. gxf4 b4 23. cxb4 axb4 24. Rd4 Rb8 25. Re2 Kf8 26. h3 Rc1+ 27. Kf2 Ra1 28. b3 Nd7 29. Rc2 Nc5 30. Bf1 Ke7 31. Be2 Kf6 32. Ke3 Re8+ 33. Kf3 Rb8 34. Rcc4 Rxa2 35. Rxb4 Rxb4 36. Rxb4 Rb2 37. Bc4 Rb1 38. Rb6 Ke7 39. Rc6 g5 40. Rc7+ Kf6 41. fxg5+ hxg5 42. Rc6 Ke5 43. Rc7 f5 44. Re7+ Kd4 45. Rf7 Nxb3 46. Be2 Nd2+ 47. Kf2 Ne4+ 48. Kf3 Rb3+ 49. Kg2 Ke5 50. Re7+ Kxd5 51. Bf3 Re3 52. Rf7 Ke5 53. Re7+ Kf4 54. Bxe4 Rxe4 55. Rd7 Rd4 56. h4 Rd2+ 57. Kh3 g4# 0-1


[Site "https://www.chess.com"]

[Event "Titled Tuesday Blitz October 11 Late 2022"]
[White "Elias, Thabo"]
[Black "Floresvillar Gonzalez, Luis Migu"]
[WhiteFideId "11312610"]
[BlackFideId "5100542"]
[WhiteElo "1689"]
[BlackElo "2040"]
[Result "0-1"]
[Round "08"]
[TimeControl "180+1"]
[Date "2022.10.12"]
[WhiteClock "0:02:06"]
[BlackClock "0:02:09"]

1. Nf3 d5 2. g3 c6 3. Bg2 Bg4 4. O-O Nd7 5. d3 e5 6. Nbd2 Bd6 7. e4 d4 8. c3 dxc3 9. bxc3 Ngf6 10. h3 Bh5 11. Rb1 b6 12. Nc4 Bc7 13. Ne3 O-O 14. Nf5 Re8 15. g4 Bg6 16. Qe2 c5 17. c4 Nf8 18. Ng5 h6 19. Nf3 Ne6 20. N3h4 Bxf5 21. Nxf5 Nd4 22. Be3 Nxe2+ 0-1


[Site "https://www.chess.com"]

[Event "Titled Tuesday Blitz October 11 Late 2022"]
[White "Evdokimov, Alexey"]
[Black "Rose, Felix"]
[WhiteFideId "24162450"]
[BlackFideId "5105722"]
[WhiteElo "2154"]
[BlackElo "2039"]
[Result "1-0"]
[Round "08"]
[TimeControl "180+1"]
[Date "2022.10.12"]
[WhiteClock "0:00:19"]
[BlackClock "0:00:17"]

1. e4 c5 2. Nf3 d6 3. d4 cxd4 4. Nxd4 Nf6 5. Nc3 a6 6. h3 e5 7. Nde2 h5 8. g3 Be6 9. Bg2 Nbd7 10. a4 Rc8 11. a5 Be7 12. O-O h4 13. g4 b5 14. axb6 Qxb6 15. Be3 Qxb2 16. Qd2 Qb7 17. Rfb1 Qc6 18. g5 Nh5 19. Rb2 Nc5 20. Nd5 Bxd5 21. exd5 Qc7 22. Bf3 Rb8 23. Rxb8+ Qxb8 24. Bxc5 dxc5 25. Rxa6 Qc8 26. Qa5 Bd8 27. Qb5+ Qd7 28. Rc6 Nf4 29. Nxf4 exf4 30. Bg4 1-0


[Site "https://www.chess.com"]

[Event "Titled Tuesday Blitz October 11 Late 2022"]
[White "Fedoseev, Vladimir"]
[Black "Urazayev, Arystanbek"]
[WhiteFideId "24130737"]
[BlackFideId "13709810"]
[WhiteElo "2726"]
[BlackElo "2441"]
[Result "1-0"]
[Round "08"]
[TimeControl "180+1"]
[Date "2022.10.11"]
[WhiteClock "0:00:30"]
[BlackClock "0:00:12"]

1. e4 c6 2. d3 d5 3. Nd2 e5 4. Ngf3 Bd6 5. d4 exd4 6. exd5 Nf6 7. dxc6 Nxc6 8. Be2 O-O 9. O-O Re8 10. Nb3 Bg4 11. h3 Bh5 12. Nfxd4 Bxe2 13. Nxe2 Bh2+ 14. Kxh2 Qxd1 15. Rxd1 Rxe2 16. Rd2 Re1 17. c3 h5 18. Rc2 Rae8 19. Be3 Rxa1 20. Nxa1 Nd5 21. Bc1 Re1 22. Nb3 f6 23. Bd2 Rb1 24. f4 h4 25. Nc5 b6 26. Nd3 Rd1 27. b3 Nce7 28. c4 Nc7 29. Nb2 Rb1 30. Na4 Rf1 31. Rc1 Rf2 32. Rd1 Nf5 33. Nc3 Ne6 34. Kg1 Re2 35. Nxe2 1-0


[Site "https://www.chess.com"]

[Event "Titled Tuesday Blitz October 11 Late 2022"]
[White "Fernandez De La Vara, Arnaldo"]
[Black "Aarav Dengla"]
[WhiteFideId "3518388"]
[BlackFideId "45059756"]
[WhiteElo "2387"]
[BlackElo "2257"]
[Result "1-0"]
[Round "08"]
[TimeControl "180+1"]
[Date "2022.10.11"]
[WhiteClock "0:00:06"]
[BlackClock "0:00:12"]

1. Nf3 d5 2. b3 e6 3. Bb2 Nf6 4. g3 b6 5. Bg2 Bb7 6. O-O c5 7. c4 Nbd7 8. cxd5 exd5 9. d4 Be7 10. Nc3 Rc8 11. dxc5 bxc5 12. Nh4 Nb6 13. Nf5 O-O 14. Rc1 Qd7 15. Nxe7+ Qxe7 16. e3 Rfd8 17. Ne2 Ba6 18. Re1 c4 19. Nf4 Bb7 20. Qd4 h6 21. Red1 Ne8 22. Bh3 Rb8 23. Qe5 Qf8 24. Rd2 Qd6 25. Rcd1 cxb3 26. axb3 Qxe5 27. Bxe5 Nd6 28. Bg2 Rbc8 29. Nxd5 Bxd5 30. Bxd5 Nxd5 31. Rxd5 Nb7 32. b4 f6 33. Bb2 Kf7 34. Rxd8 Rxd8 35. Ra1 Ra8 36. Ra6 Ke7 37. Bd4 Kd7 38. Rxa7 Rb8 39. b5 Kc7 40. b6+ Kc6 41. Ra1 Rc8 42. Rc1+ Kd7 43. Rxc8 Kxc8 44. Kg2 Kd7 45. Kf3 Nd6 46. Kg4 Ke6 47. f3 f5+ 48. Kh3 Kf7 49. g4 g6 50. gxf5 gxf5 51. Kg3 Ke6 52. Kf4 Nb7 53. h3 Nd6 54. Kg3 Nb7 55. Kh4 Nd6 56. Kh5 f4 57. exf4 Kf5 58. Be5 Nb7 59. Kxh6 Nc5 60. Kg7 Nb7 61. h4 Nc5 62. h5 Ne6+ 63. Kf7 Nd8+ 64. Ke7 Nc6+ 65. Kd6 Na5 66. Kc7 Ke6 67. Bc3 Nb7 68. Kxb7 Kf5 69. Kc6 Kxf4 70. b7 Kxf3 71. b8=Q Ke2 72. Bh8 Kd1 73. Qd6+ Kc1 74. Bf6 Kb1 75. Bg5 Ka1 76. Kc5 Kb1 77. Kc4 Ka1 78. Kb3 1-0


[Site "https://www.chess.com"]

[Event "Titled Tuesday Blitz October 11 Late 2022"]
[White "Gardezi, Arsal"]
[Black "Kobla, Vishal"]
[WhiteFideId "30949521"]
[BlackFideId "2078457"]
[WhiteElo "1906"]
[BlackElo "1972"]
[Result "0-1"]
[Round "08"]
[TimeControl "180+1"]
[Date "2022.10.12"]
[WhiteClock "0:00:01"]
[BlackClock "0:00:08"]

1. Nf3 d5 2. g4 e6 3. Bg2 c5 4. h3 Nc6 5. c3 d4 6. cxd4 cxd4 7. d3 h5 8. g5 Nge7 9. Bf4 Nd5 10. Bg3 Bd6 11. Bxd6 Qxd6 12. Nbd2 h4 13. Ne4 Qf4 14. Qd2 f5 15. gxf6 gxf6 16. Rg1 O-O 17. Qxf4 Nxf4 18. Nxh4 e5 19. Bf3+ Kf7 20. e3 Nxd3+ 21. Ke2 Nxb2 22. Bh5+ Ke6 23. Ng6 Rd8 24. Nh4 d3+ 25. Ke1 f5 26. Rg6+ Kd5 27. Nd2 e4 28. Rf6 Nc4 29. Bf7+ Ke5 30. Nxc4+ Kxf6 31. Bh5 Ne5 32. Nxe5 Kxe5 33. Kd2 Be6 34. Ng6+ Kf6 35. Nf4 Rac8 36. Rg1 Rc2+ 37. Kd1 Rxa2 38. Rg6+ Ke7 39. Rxe6+ Kd7 40. Re5 Rxf2 41. Rxf5 Kc6 42. Rf6+ Kb5 43. Rf5+ Kc4 44. Re5 d2 45. Rxe4+ Kb3 46. Bf7+ Kb2 47. Bc4 Rh2 0-1


[Site "https://www.chess.com"]

[Event "Titled Tuesday Blitz October 11 Late 2022"]
[White "Garmash, Aliona"]
[Black "Carbone, Diego"]
[WhiteFideId "34127620"]
[BlackFideId "3002179"]
[WhiteElo "1980"]
[BlackElo "2243"]
[Result "0-1"]
[Round "08"]
[TimeControl "180+1"]
[Date "2022.10.12"]
[WhiteClock "0:00:01"]
[BlackClock "0:01:03"]

1. d4 Nf6 2. c4 g6 3. Nc3 d5 4. cxd5 Nxd5 5. e4 Nxc3 6. bxc3 Bg7 7. Bc4 c5 8. Ne2 Nc6 9. Be3 O-O 10. O-O Na5 11. Bd3 b6 12. Qd2 e5 13. dxc5 Be6 14. cxb6 Nc4 15. Bxc4 Qxd2 16. Bxd2 Bxc4 17. Rfe1 axb6 18. Be3 b5 19. Nc1 Rfc8 20. Nb3 Bf8 21. h3 Ba3 22. Rab1 Bd3 23. Rbd1 Rxc3 24. Bh6 Bb4 25. Re3 Bc4 26. Rxc3 Bxc3 27. Rd7 Bb4 28. Rb7 Rc8 29. Nd2 Bf8 30. Bxf8 Kxf8 31. Nxc4 bxc4 32. Rb2 Ke7 33. Rc2 c3 34. Kf1 f5 35. exf5 gxf5 36. f3 Kd6 37. Ke2 Kd5 38. a4 Kc4 39. g4 Kb3 40. Rc1 fxg4 41. hxg4 c2 42. a5 Kb2 0-1


[Site "https://www.chess.com"]

[Event "Titled Tuesday Blitz October 11 Late 2022"]
[White "Gasparyan, David"]
[Black "Aung Thant Zin"]
[WhiteFideId "13311980"]
[BlackFideId "13000063"]
[WhiteElo "2340"]
[BlackElo "2278"]
[Result "1-0"]
[Round "08"]
[TimeControl "180+1"]
[Date "2022.10.12"]
[WhiteClock "0:02:49"]
[BlackClock "0:02:38"]

1. d4 Nf6 2. Nf3 d5 3. e3 e6 4. Bd3 Be7 5. c3 O-O 6. O-O c6 7. Ne5 Nbd7 8. f4 Re8 9. Nd2 Nf8 10. Qf3 N6d7 11. Qh3 f6 12. Bxh7+ Nxh7 13. Qxe6+ Kh8 14. Ng6# 1-0


[Site "https://www.chess.com"]

[Event "Titled Tuesday Blitz October 11 Late 2022"]
[White "Gilmanov, Mansur"]
[Black "Zhigalko, Sergei"]
[WhiteFideId "4166868"]
[BlackFideId "13502956"]
[WhiteElo "2377"]
[BlackElo "2662"]
[Result "0-1"]
[Round "08"]
[TimeControl "180+1"]
[Date "2022.10.11"]
[WhiteClock "0:00:27"]
[BlackClock "0:01:33"]

1. d4 Nf6 2. Bg5 d5 3. Bxf6 exf6 4. e3 Bd6 5. c4 dxc4 6. Bxc4 O-O 7. Nf3 Nd7 8. Nc3 f5 9. O-O Nf6 10. Ne5 Bxe5 11. dxe5 Ng4 12. Qb3 Qh4 13. h3 Nxe5 14. Be2 c6 15. Rad1 Qe7 16. Na4 b5 17. Nc3 a5 18. Qc2 Be6 19. Rd4 a4 20. a3 g6 21. Rfd1 Bb3 22. Qd2 Bxd1 23. Qxd1 Rfd8 24. f4 Nc4 0-1


[Site "https://www.chess.com"]

[Event "Titled Tuesday Blitz October 11 Late 2022"]
[White "Gonzalez, Francisco Silva"]
[Black "Migot, Tangi"]
[WhiteFideId "1512285"]
[BlackFideId "662445"]
[WhiteElo "2159"]
[BlackElo "2486"]
[Result "1-0"]
[Round "08"]
[TimeControl "180+1"]
[Date "2022.10.12"]
[WhiteClock "0:02:12"]
[BlackClock "0:01:46"]

1. d4 Nf6 2. c4 g6 3. Nc3 d5 4. Bf4 Bg7 5. Nf3 Ne4 6. Nxd5 Na6 7. Qc2 Bf5 8. g4 e6 9. Ne3 g5 10. Be5 f6 11. gxf5 fxe5 12. Qxe4 O-O 13. Nxe5 exf5 14. Nxf5 Rxf5 15. Qxf5 Qxd4 16. Qe6+ Kh8 17. Nf7+ Kg8 18. Nh6+ Kh8 19. Qg8+ Rxg8 20. Nf7# 1-0


[Site "https://www.chess.com"]

[Event "Titled Tuesday Blitz October 11 Late 2022"]
[White "Goryachkina, Aleksandra"]
[Black "Poltorak, Sebastian"]
[WhiteFideId "4147103"]
[BlackFideId "1199498"]
[WhiteElo "2682"]
[BlackElo "2534"]
[Result "1-0"]
[Round "08"]
[TimeControl "180+1"]
[Date "2022.10.12"]
[WhiteClock "0:00:03"]
[BlackClock "0:00:05"]

1. e4 c5 2. Nf3 Nc6 3. Bb5 e6 4. Bxc6 dxc6 5. O-O Ne7 6. d3 Ng6 7. Be3 Be7 8. Nc3 O-O 9. Qd2 b6 10. a4 a5 11. b3 e5 12. h3 f5 13. exf5 Bxf5 14. Qe2 Qd7 15. Kh2 Rae8 16. Ne4 h6 17. Rae1 Rf7 18. Nfd2 Ref8 19. Ng3 Be6 20. Nc4 Qc7 21. Ne4 Bd5 22. Qd2 Nh4 23. Qc3 Ng6 24. Kh1 Bf6 25. f3 Kh7 26. Qd2 Ne7 27. Nxf6+ Rxf6 28. Bg1 Ng6 29. Bh2 Re6 30. Re3 Bxc4 31. bxc4 Rfe8 32. Rfe1 Qd6 33. Re4 Qd7 34. Qc3 Qe7 35. Qb2 Qc7 36. f4 Qf7 37. fxe5 Qf2 38. Qxb6 Rf8 39. Qb2 Nh4 40. R4e2 Qf5 41. Kg1 Qg5 42. Kh1 Rg6 43. Qc1 Qh5 44. Qd2 Rf5 45. e6 Rfg5 46. e7 Rxg2 47. Rxg2 Rg3 48. Bxg3 Qf3 49. Qf2 Qh5 50. Bxh4 g5 51. Bxg5 Qxh3+ 52. Kg1 Qd7 53. e8=Q Qxe8 54. Rxe8 Kg6 55. Re7 Kh5 56. Re6 1-0


[Site "https://www.chess.com"]

[Event "Titled Tuesday Blitz October 11 Late 2022"]
[White "Hajiyev, Kanan"]
[Black "Grinev, Valeriy"]
[WhiteFideId "13404148"]
[BlackFideId "14117517"]
[WhiteElo "2118"]
[BlackElo "2365"]
[Result "1/2-1/2"]
[Round "08"]
[TimeControl "180+1"]
[Date "2022.10.11"]
[WhiteClock "0:00:08"]
[BlackClock "0:00:17"]

1. d4 Nf6 2. Nf3 g6 3. c4 Bg7 4. Nc3 d5 5. Bf4 O-O 6. e3 c5 7. dxc5 Ne4 8. Be5 Bxe5 9. Nxe5 Nxc3 10. bxc3 Qa5 11. Qb3 dxc4 12. Bxc4 e6 13. Qb4 Qc7 14. f4 f6 15. Nf3 Nc6 16. Qb3 Na5 17. Bxe6+ Kg7 18. Qd5 Rd8 19. Qe4 Re8 20. Nd4 Nc6 21. f5 Nxd4 22. Qxd4 Bxe6 23. fxe6 Rxe6 24. O-O Rd8 25. Qf4 Qxc5 26. Rad1 Rxd1 27. Rxd1 Rxe3 28. Qd4 Qxd4 29. Rxd4 Re7 30. Kf2 f5 31. Rd6 Rc7 32. c4 Kf7 33. Kf3 Ke7 34. Rd4 Rd7 35. Rh4 Kf6 36. c5 h5 37. Rb4 Rc7 38. Rb5 g5 39. h4 gxh4 40. Kf4 Rg7 41. a4 Rxg2 42. Rxb7 Rg4+ 43. Kf3 Rxa4 44. c6 Ke6 45. Rh7 a5 46. Rxh5 Rc4 47. Rh6+ Ke5 48. Ke3 a4 49. Kd3 Kd5 50. Rf6 Rd4+ 51. Kc3 Rf4 52. c7 Rc4+ 53. Kd3 Rxc7 54. Rxf5+ Ke6 55. Ra5 Rh7 56. Rxa4 Kf5 57. Ra1 Kg4 58. Ke2 Rf7 59. Rf1 Ra7 60. Kf2 Kh3 61. Kg1 Kg3 62. Rc1 Ra3 63. Rd1 h3 64. Rc1 Rd3 65. Re1 h2+ 1/2-1/2


[Site "https://www.chess.com"]

[Event "Titled Tuesday Blitz October 11 Late 2022"]
[White "Hansen, Eric"]
[Black "Mamedov, Rauf"]
[WhiteFideId "2606771"]
[BlackFideId "13401653"]
[WhiteElo "2568"]
[BlackElo "2650"]
[Result "0-1"]
[Round "08"]
[TimeControl "180+1"]
[Date "2022.10.11"]
[WhiteClock "0:00:03"]
[BlackClock "0:00:17"]

1. d4 Nf6 2. c4 g6 3. Nc3 Bg7 4. e4 d6 5. h3 O-O 6. Nf3 e5 7. d5 Nh5 8. g3 Na6 9. Be2 Nc5 10. Be3 a5 11. Nd2 Nf6 12. g4 c6 13. h4 a4 14. h5 Qa5 15. h6 Bh8 16. Kf1 Bd7 17. Rc1 cxd5 18. cxd5 b5 19. a3 Rac8 20. g5 Ne8 21. Kg2 f6 22. b4 axb3 23. Nxb3 Nxb3 24. Qxb3 fxg5 25. Qb4 Qa8 26. Nxb5 Rb8 27. a4 Bf6 28. Rc4 Bd8 29. Rhc1 Bb6 30. Qd2 Bxb5 31. axb5 Nf6 32. Bxg5 Nd7 33. Rf1 Nc5 34. Bg4 Kh8 35. Qc2 Qa3 36. Qe2 Qb3 37. Rc2 Rf7 38. Ra2 Rbf8 39. Be6 Nxe6 40. dxe6 Qxe6 41. Rd2 Rxf2+ 42. Rxf2 Rxf2+ 43. Qxf2 Bxf2 44. Rxf2 Qg4+ 45. Kf1 Kg8 46. Be7 Qh3+ 47. Ke2 Qh5+ 48. Ke1 Qxh6 49. b6 Qe3+ 50. Re2 Qxb6 51. Bf6 Kf7 52. Bh4 Ke6 53. Bf2 Qb1+ 54. Kd2 h5 55. Be3 Qxe4 0-1


[Site "https://www.chess.com"]

[Event "Titled Tuesday Blitz October 11 Late 2022"]
[White "Har-Zvi, Ronen"]
[Black "Sailer, Mike"]
[WhiteFideId "2801485"]
[BlackFideId "2012901"]
[WhiteElo "2523"]
[BlackElo "2109"]
[Result "1-0"]
[Round "08"]
[TimeControl "180+1"]
[Date "2022.10.12"]
[WhiteClock "0:02:16"]
[BlackClock "0:01:34"]

1. Nf3 d5 2. c4 c6 3. cxd5 cxd5 4. d4 Nf6 5. Nc3 Nc6 6. Bf4 a6 7. e3 e6 8. Ne5 Nxe5 9. Bxe5 Bd6 10. Rc1 Bxe5 11. dxe5 Nd7 12. Qd4 O-O 13. f4 b5 14. Bd3 Bb7 15. O-O f5 16. Ne2 Rc8 17. Rxc8 Qxc8 18. Rc1 Qd8 19. Qb4 Nb6 20. Nd4 Nc4 21. Nxe6 Qb6 22. Qxf8# 1-0


[Site "https://www.chess.com"]

[Event "Titled Tuesday Blitz October 11 Late 2022"]
[White "Haszon, David"]
[Black "Clawitter, Craig"]
[WhiteFideId "733610"]
[BlackFideId "2023105"]
[WhiteElo "2211"]
[BlackElo "2234"]
[Result "1/2-1/2"]
[Round "08"]
[TimeControl "180+1"]
[Date "2022.10.12"]
[WhiteClock "0:00:14"]
[BlackClock "0:00:04"]

1. e4 e6 2. d4 d5 3. Nd2 Be7 4. c3 c5 5. Ngf3 cxd4 6. Nxd4 Nf6 7. e5 Nfd7 8. f4 Nc6 9. N2f3 O-O 10. Bd3 Nc5 11. Bc2 f6 12. O-O fxe5 13. Nxc6 bxc6 14. Nxe5 Qc7 15. Qh5 h6 16. Qg6 Ne4 17. Bxe4 dxe4 18. Qxe4 Ba6 19. Re1 Bc5+ 20. Be3 Bxe3+ 21. Rxe3 Rab8 22. b4 c5 23. Nc6 Rbe8 24. Ne5 Bb7 25. Qc4 Bd5 26. Qxc5 Qxc5 27. bxc5 Rxf4 28. Rd1 Ra4 29. Rd2 Rc8 30. c4 Bxc4 31. Nxc4 Rxc4 32. Rxe6 R4xc5 33. Re7 Rc1+ 34. Kf2 R1c2 35. Rd7 Rxd2+ 36. Rxd2 Rc3 37. h3 Ra3 38. Ke2 Kf7 39. Kd1 Kf6 40. Kc1 g5 41. Kb2 Ra6 42. Kb3 Kf5 43. a4 h5 44. Kb4 Rb6+ 45. Kc5 Rb1 46. Rf2+ Ke4 47. a5 g4 48. hxg4 hxg4 49. Rf7 Rb2 50. Rxa7 Rxg2 51. Re7+ Kf3 52. a6 Ra2 53. Kb6 g3 54. Rf7+ Ke3 55. Re7+ Kf2 56. Rf7+ Kg1 57. Rf5 g2 58. Rg5 Kf1 59. Rxg2 Kxg2 60. a7 Rxa7 61. Kxa7 1/2-1/2


[Site "https://www.chess.com"]

[Event "Titled Tuesday Blitz October 11 Late 2022"]
[White "Hoffmann, Asa"]
[Black "Salman, Pavel"]
[WhiteFideId "2001470"]
[BlackFideId "24153753"]
[WhiteElo "2117"]
[BlackElo "2187"]
[Result "0-1"]
[Round "08"]
[TimeControl "180+1"]
[Date "2022.10.12"]
[WhiteClock "0:00:09"]
[BlackClock "0:00:13"]

1. d4 Nf6 2. Bg5 Ne4 3. Bf4 d5 4. f3 Nf6 5. e4 dxe4 6. Nc3 c6 7. fxe4 Bg4 8. Qd3 e6 9. h3 Bh5 10. g4 Bg6 11. Bg2 Bb4 12. Ne2 Nbd7 13. O-O-O Qa5 14. a3 Be7 15. h4 Nxg4 16. Qg3 h5 17. Bf3 Ndf6 18. Bd2 Qa6 19. Nf4 Bh7 20. e5 Nd5 21. Nxh5 Bxa3 22. Bxd5 cxd5 23. Nxg7+ Kd7 24. Qxg4 Bb4 25. Nb1 Qc4 26. Bc3 Rhg8 27. Rhf1 Raf8 28. h5 b5 29. h6 Be7 30. Rf2 b4 31. Be1 b3 32. c3 a5 33. Qe2 Bg5+ 34. Bd2 Bxd2+ 35. Rxd2 Qa4 36. Qa6 Qa1 37. Qd6+ Kc8 38. Rc2 Bxc2 39. Rxc2 bxc2 40. Kxc2 Qa4+ 41. b3 Qa2+ 42. Kc1 Qxb3 43. Qc6+ Kb8 44. Qd6+ Ka7 45. Qc5+ Qb6 46. Qe7+ Qb7 47. Qc5+ Kb8 48. Qxa5 Rh8 49. Na3 Rxh6 50. Nb5 Rh1+ 51. Kc2 Rh2+ 52. Kb3 Rc8 53. Qb4 Rh1 54. Nd6 Rb1+ 55. Kc2 Rxb4 56. Nxb7 Rxb7 57. Nh5 Rbc7 58. Nf6 Rxc3+ 59. Kd2 R3c4 60. Ke3 Rc3+ 61. Kf4 R8c4 62. Nd7+ Kc7 63. Nc5 Rxd4+ 64. Kg5 Rxc5 65. Kf6 Rf4+ 0-1


[Site "https://www.chess.com"]

[Event "Titled Tuesday Blitz October 11 Late 2022"]
[White "Holt, Conrad"]
[Black "Zeynalli, Rashad"]
[WhiteFideId "2034387"]
[BlackFideId "13403320"]
[WhiteElo "2592"]
[BlackElo "2125"]
[Result "1/2-1/2"]
[Round "08"]
[TimeControl "180+1"]
[Date "2022.10.11"]
[WhiteClock "0:00:14"]
[BlackClock "0:00:11"]

1. d4 Nf6 2. c4 e6 3. Nc3 Bb4 4. Qc2 d5 5. cxd5 exd5 6. Bg5 h6 7. Bh4 c5 8. dxc5 g5 9. Bg3 Ne4 10. O-O-O Bxc3 11. f3 Nxg3 12. Qxc3 Nxh1 13. Qxh8+ Ke7 14. Qxh6 Be6 15. Qxg5+ f6 16. Qg7+ Bf7 17. e4 Qg8 18. Qxg8 Bxg8 19. exd5 Nd7 20. c6 bxc6 21. dxc6 Ne5 22. Ba6 Nxc6 23. Bb7 Rb8 24. Bxc6 Rc8 25. Nh3 Rxc6+ 26. Kb1 Bh7+ 27. Ka1 Rc2 28. Rxh1 Rxg2 29. b3 Bf5 30. Nf4 Rf2 31. Nd5+ Kf7 32. Rc1 Rxf3 33. Rc7+ Ke6 34. Ne7 Be4 35. Rxa7 Rf2 36. h4 Rh2 37. Nc8 Rxh4 38. Re7+ Kd5 39. Nb6+ Kd6 40. Re8 f5 41. a4 Bd3 42. Rd8+ Kc7 43. Rxd3 Kxb6 44. Kb2 Kc5 45. Kc3 Re4 46. Rd8 Re3+ 47. Kc2 f4 48. Rc8+ Kb4 49. Rb8+ Kc5 50. a5 f3 51. a6 f2 52. Rf8 Kb6 53. Rf6+ Ka7 54. Rxf2 Kxa6 55. Kb2 Kb5 56. Ka3 Rh3 57. Rf5+ Kb6 58. Ka4 Rh4+ 59. Ka3 Rh3 60. Ka4 Rh4+ 61. b4 Rh6 62. Rg5 Rf6 63. Rh5 Rg6 64. Re5 Rf6 65. Re8 Rh6 66. Rb8+ Ka6 67. Rg8 Kb6 68. Rg7 Ka6 69. Rg8 Kb6 70. Rg2 Ka6 71. Re2 Kb6 72. Re8 Ka6 73. Rb8 Ka7 74. Rb5 Ka6 75. Rc5 Kb6 76. Rd5 Ka6 77. Rb5 Rg6 78. Rb8 Rf6 79. Re8 Kb6 80. Re5 Ka6 81. Rh5 Kb6 82. Rh8 Rg6 83. Rb8+ Ka6 84. Ra8+ Kb7 85. Rh8 Kb6 86. Rh4 Rf6 87. Kb3 Rf3+ 88. Kc4 Rf6 89. Rd4 Rg6 90. Rd5 Rg4+ 91. Kb3 Rg1 92. Rd6+ Kb5 93. Rd5+ Kb6 94. Rh5 Rf1 95. Kc3 Rc1+ 96. Kb2 Rg1 97. Kb3 Rb1+ 98. Ka3 Ra1+ 99. Kb3 Rb1+ 100. Kc4 Rc1+ 101. Kd3 Rd1+ 102. Kc2 Rg1 103. Kb2 Rg2+ 104. Kb3 Rg1 105. Rc5 Rb1+ 106. Ka3 Ra1+ 107. Kb2 Rg1 108. Kc2 Rg2+ 109. Kb3 Rg1 110. Rc2 Rb1+ 111. Kc4 1/2-1/2


[Site "https://www.chess.com"]

[Event "Titled Tuesday Blitz October 11 Late 2022"]
[White "Ibadov, Dashgyn"]
[Black "Urbina Perez, Juan Antonio"]
[WhiteFideId "24107514"]
[BlackFideId "2217368"]
[WhiteElo "2208"]
[BlackElo "2197"]
[Result "1-0"]
[Round "08"]
[TimeControl "180+1"]
[Date "2022.10.12"]
[WhiteClock "0:01:57"]
[BlackClock "0:01:58"]

1. e4 c5 2. Nf3 e6 3. d4 cxd4 4. Nxd4 Bc5 5. Nb3 Bb6 6. Nc3 Ne7 7. Bd3 O-O 8. O-O f5 9. exf5 Nxf5 10. Bf4 d5 11. Qd2 Nc6 12. Rae1 Bd7 13. Na4 Bc7 14. Nac5 e5 15. Bg5 Nce7 16. Bxf5 Bxf5 17. Nxb7 d4 18. Nxd8 1-0


[Site "https://www.chess.com"]

[Event "Titled Tuesday Blitz October 11 Late 2022"]
[White "Ibarra Jerez, Jose Carlos"]
[Black "Andreikin, Dmitry"]
[WhiteFideId "2226332"]
[BlackFideId "4158814"]
[WhiteElo "2627"]
[BlackElo "2736"]
[Result "0-1"]
[Round "08"]
[TimeControl "180+1"]
[Date "2022.10.11"]
[WhiteClock "0:00:02"]
[BlackClock "0:00:34"]

1. e3 e6 2. Nf3 Nf6 3. d4 d5 4. Bd3 c5 5. c3 Nbd7 6. Nbd2 b6 7. Ne5 Bd6 8. f4 Bb7 9. Qf3 Qc7 10. O-O O-O 11. g4 g6 12. g5 Nh5 13. Qh3 Ng7 14. Ndf3 a5 15. Nxd7 Qxd7 16. Ne5 Bxe5 17. fxe5 Ba6 18. Bxa6 Rxa6 19. a4 Nf5 20. Qg4 Rc8 21. Qe2 Raa8 22. Qb5 Qd8 23. Kh1 c4 24. Rg1 h6 25. e4 dxe4 26. gxh6 e3 27. b3 Rc5 28. dxc5 Qd5+ 29. Rg2 Nh4 30. Ra2 Qd1+ 31. Rg1 Qf3+ 32. Rag2 Nxg2 33. Rxg2 Rd8 34. h7+ Kxh7 35. Bxe3 Qxe3 36. Rg3 Qe4+ 37. Kg1 Rd1+ 38. Kf2 Rd2+ 39. Kf1 Qe2+ 0-1


[Site "https://www.chess.com"]